[Event "Titled Tuesday Blitz January 17 Early 2023"]
[White "Ibadov, Dashgyn"]
[Black "Leiva, Gianmarco"]
[WhiteFideId "24107514"]
[BlackFideId "3804399"]
[WhiteElo "2391"]
[BlackElo "2392"]
[Result "1/2-1/2"]
[Round "10"]
[TimeControl "180+2"]
[Date "2023.01.17"]
[WhiteClock "0:00:03"]
[BlackClock "0:00:03"]

1. e4 c5 2. Nf3 d6 3. Bb5+ Nd7 4. a4 Nf6 5. Nc3 g6 6. O-O a6 7. Be2 Bg7 8. a5 O-O 9. d3 Nb8 10. e5 Ne8 11. Bf4 Nc6 12. Qd2 dxe5 13. Be3 Nd4 14. Ne4 f5 15. Nxc5 Nxf3+ 16. Bxf3 f4 17. Nxb7 Bxb7 18. Bxb7 fxe3 19. Qxe3 Rb8 20. Bxa6 Nd6 21. c4 Kh8 22. c5 Ra8 23. cxd6 Rxa6 24. dxe7 Qxe7 25. Qe4 Rf4 26. Qd5 Qa7 27. g3 Rd4 28. Qb5 h5 29. b4 Rad6 30. Qe8+ Kh7 31. b5 Rd8 32. Qc6 R4d6 33. Qc4 Rd4 34. Qe6 R4d6 35. Qc4 e4 36. dxe4 Bxa1 37. Rxa1 Rd1+ 38. Rxd1 Rxd1+ 39. Kg2 Qxa5 40. Qf7+ Kh6 41. Qf8+ Kh7 42. Qf7+ Kh8 43. Qf8+ Kh7 44. Qf7+ 1/2-1/2


[Site "https://www.chess.com"]

[Event "Titled Tuesday Blitz January 17 Early 2023"]
[White "Pfreundt, Jakob"]
[Black "Kuzmin, Roman"]
[WhiteFideId "12918156"]
[BlackFideId "44134932"]
[WhiteElo "2407"]
[BlackElo "2198"]
[Result "1-0"]
[Round "10"]
[TimeControl "180+2"]
[Date "2023.01.17"]
[WhiteClock "0:00:35"]
[BlackClock "0:00:55"]

1. Nf3 Nf6 2. g3 e6 3. Bg2 d5 4. d3 Be7 5. O-O O-O 6. Nbd2 c5 7. e4 Nc6 8. Re1 Qc7 9. a4 a6 10. c3 Rb8 11. exd5 exd5 12. Nb3 Bd6 13. Bg5 Ne8 14. Nfd2 Be6 15. Be3 Ne7 16. d4 c4 17. Nc5 Bc8 18. a5 Nc6 19. b4 Ne7 20. Bg5 f6 21. Be3 Bf5 22. Na4 g6 23. Nb6 Be6 24. Bh6 Bf7 25. Bxf8 Kxf8 26. Nf1 Ng7 27. Ne3 Qc6 28. Nbxc4 Bc7 29. Qd2 Rc8 30. Ra3 h5 31. h4 g5 32. Bh3 g4 33. Bg2 f5 34. Ne5 Bxe5 35. dxe5 Rd8 36. Nc2 Qg6 37. Nd4 Ne6 38. Nxe6+ Bxe6 39. c4 d4 40. Rd3 Nc6 41. Bxc6 bxc6 42. Rxd4 Rb8 43. Rd8+ Rxd8 44. Qxd8+ Kg7 45. Qe7+ Kg8 46. Rd1 Bf7 1-0


[Site "https://www.chess.com"]

[Event "Titled Tuesday Blitz January 17 Early 2023"]
[White "Trent, Lawrence"]
[Black "Myshakov, Fyodor"]
[WhiteFideId "408638"]
[BlackFideId "14111284"]
[WhiteElo "2403"]
[BlackElo "2292"]
[Result "1-0"]
[Round "10"]
[TimeControl "180+2"]
[Date "2023.01.17"]
[WhiteClock "0:00:20"]
[BlackClock "0:00:21"]

1. e4 c6 2. Nc3 d5 3. Qf3 d4 4. Bc4 e6 5. Nce2 c5 6. d3 Nc6 7. Qg3 Nge7 8. f4 Ng6 9. Nf3 Be7 10. O-O Bh4 11. Nxh4 Qxh4 12. Qf3 O-O 13. a3 a6 14. Bd2 b5 15. Ba2 Bb7 16. f5 Nge5 17. Qg3 Qxg3 18. Nxg3 c4 19. Nh5 exf5 20. Rxf5 Bc8 21. Rg5 g6 22. Bf4 f6 23. Nxf6+ Rxf6 24. Bxe5 Nxe5 25. Rxe5 Be6 26. dxc4 Bxc4 27. Bxc4+ bxc4 28. Rd5 Rb8 29. Rb1 Rfb6 30. Rxd4 Rxb2 31. Rxb2 Rxb2 32. Rxc4 Ra2 33. a4 Kf7 34. Kf2 Ke6 35. Ke3 Ke5 36. g3 Ra3+ 37. c3 Ra2 38. h3 h5 39. h4 Rg2 40. Rc5+ Kd6 41. Rg5 Rc2 42. Kd3 Rf2 43. Rxg6+ Ke5 44. Rg5+ Ke6 45. Ke3 Rc2 46. Rxh5 Rxc3+ 47. Kf4 Rc4 48. Rh6+ Kf7 49. Rxa6 Rc3 50. g4 Rc1 51. h5 Kg7 52. Kg5 Rc5+ 53. Kf4 Rc4 54. Kf5 Rc5+ 55. e5 Rc8 56. Ra7+ Kh8 57. e6 Rf8+ 58. Rf7 Ra8 59. e7 Ra5+ 60. Kg6 Ra6+ 61. Kg5 Ra5+ 62. Kh4 Re5 63. Rf8+ Kg7 64. e8=Q Rxe8 65. Rxe8 Kf7 66. Re3 Kf6 67. a5 Kg7 68. a6 Kf6 69. a7 Kg7 70. a8=N Kh6 71. g5+ Kg7 72. h6+ Kg6 73. Re7 Kf5 74. Rg7 Ke6 75. h7 Kd5 76. h8=N Kc6 77. g6 Kd5 78. Rf7 Ke5 79. g7 Ke6 80. g8=N Kd6 81. Rd7+ Kc5 82. Rd5+ Kc4 83. Nb6+ Kb4 84. Ng6 Kc3 85. Nf6 Kb4 86. Nf4 Kb3 87. Ne4 Kb4 88. Rb5+ Kxb5 89. Nbd5 Ka5 90. Ne6 Kb5 91. Ne3 Kc6 92. Nf4 Kd7 93. Nc4 Ke7 94. Ne5 Ke8 95. Nd5 Kd8 96. Nc5 Kc8 97. Nc4 Kb8 98. Nd6 Ka7 99. Nb5+ Kb8 100. Ne7 Ka8 101. Kg4 Kb8 102. Kf4 Ka8 103. Ke4 Kb8 104. Nc6+ Ka8 105. Nc7# 1-0


[Site "https://www.chess.com"]

[Event "Titled Tuesday Blitz January 17 Early 2023"]
[White "Mamedov, Edgar"]
[Black "Bodnaruk, Anastasia"]
[WhiteFideId "13739980"]
[BlackFideId "4181751"]
[WhiteElo "2193"]
[BlackElo "2350"]
[Result "1-0"]
[Round "10"]
[TimeControl "180+2"]
[Date "2023.01.17"]
[WhiteClock "0:00:11"]
[BlackClock "0:00:04"]

1. d4 Nf6 2. c4 g6 3. Nc3 Bg7 4. e4 d6 5. Nf3 O-O 6. Be2 e5 7. d5 a5 8. Be3 Na6 9. Nd2 Nc5 10. g4 c6 11. h4 cxd5 12. cxd5 Bd7 13. a4 Na6 14. h5 Nb4 15. Kf1 Ne8 16. Nc4 f5 17. h6 Bf6 18. gxf5 gxf5 19. exf5 Bxf5 20. Nb6 Nc2 21. Nxa8 Nxe3+ 22. fxe3 Bh4 23. Bf3 e4 24. Rg1+ Kh8 25. Nxe4 Bxe4 26. Qd4+ Nf6 27. Bxe4 Qxa8 28. Ke2 Qe8 29. Bf3 Qe5 30. Qxe5 dxe5 31. Rh1 Bg5 32. Rag1 e4 33. Rxg5 exf3+ 34. Kxf3 Nxd5+ 35. Ke2 Nb4 36. Rf1 Re8 37. Rxa5 Nc2 38. Re5 Rd8 39. Re7 Nb4 40. Rff7 Rc8 41. Rxh7+ Kg8 42. Reg7+ Kf8 43. Rh8# 1-0


[Site "https://www.chess.com"]

[Event "Titled Tuesday Blitz January 17 Early 2023"]
[White "Jovic, Stanoje"]
[Black "Royal, Shreyas"]
[WhiteFideId "905020"]
[BlackFideId "448869"]
[WhiteElo "2075"]
[BlackElo "2438"]
[Result "1-0"]
[Round "10"]
[TimeControl "180+2"]
[Date "2023.01.17"]
[WhiteClock "0:00:33"]
[BlackClock "0:00:53"]

1. c4 c5 2. g3 g6 3. Bg2 Bg7 4. Nc3 Nf6 5. Nf3 Nc6 6. O-O O-O 7. d4 cxd4 8. Nxd4 Nxd4 9. Qxd4 d6 10. Bg5 a6 11. Qd2 Qc7 12. Rac1 Be6 13. b3 Rac8 14. e4 Rfe8 15. h3 Nd7 16. Nd5 Bxd5 17. exd5 a5 18. Kh2 Nc5 19. Rfe1 b6 20. Re2 Bf6 21. Bxf6 exf6 22. Rce1 Qd7 23. h4 Rxe2 24. Rxe2 Re8 25. Qe1 Re5 26. f4 Rxe2 27. Qxe2 h5 28. Bh3 f5 29. Bg2 f6 30. Kg1 Kf7 31. Kf2 Qa7 32. Qe3 Qb7 33. a3 b5 34. b4 axb4 35. axb4 Ne4+ 36. Bxe4 fxe4 37. Qxe4 bxc4 38. Qxc4 Qa7+ 39. Ke2 f5 40. b5 Qg1 41. Qc7+ Kg8 42. Qxd6 Qg2+ 43. Kd3 Qxg3+ 44. Kc4 Qg2 45. b6 Qf1+ 46. Kc5 Qc1+ 47. Kb5 Qb2+ 48. Kc6 Kh7 49. b7 Qc3+ 50. Qc5 Qf6+ 51. d6 Qd8 52. Qe5 Kh6 53. d7 Qg8 54. b8=Q Qc4+ 55. Qc5 Qe4+ 56. Kb6 Qb1+ 57. Kc7 1-0


[Site "https://www.chess.com"]

[Event "Titled Tuesday Blitz January 17 Early 2023"]
[White "Fiorito, Joaquin"]
[Black "Bruned, Yvain"]
[WhiteFideId "180173"]
[BlackFideId "2250292"]
[WhiteElo "2405"]
[BlackElo "2286"]
[Result "1-0"]
[Round "10"]
[TimeControl "180+2"]
[Date "2023.01.17"]
[WhiteClock "0:00:50"]
[BlackClock "0:00:04"]

1. d4 b6 2. e4 Bb7 3. Bd3 e6 4. Qe2 d5 5. e5 c5 6. c3 Qc8 7. Nf3 Ba6 8. O-O Bxd3 9. Qxd3 Qa6 10. Qd1 Nc6 11. a4 cxd4 12. cxd4 Nge7 13. Nc3 Rc8 14. Nb5 Ng6 15. h4 h5 16. g3 Qb7 17. Be3 a6 18. Nc3 Be7 19. Qe2 Bb4 20. Rac1 Nge7 21. Na2 Nf5 22. Rxc6 Qxc6 23. Nxb4 Qxa4 24. Nd3 O-O 25. Rd1 Rc2 26. Qe1 Qb5 27. Nf4 g6 28. Nd3 Rfc8 29. Bc1 Qb3 30. Kg2 a5 31. Nf4 a4 32. Ne2 b5 33. Nc3 b4 34. Nb5 Qc4 35. Nd6 Nxd6 36. exd6 Rxc1 37. Rxc1 Qxc1 38. d7 1-0


[Site "https://www.chess.com"]

[Event "Titled Tuesday Blitz January 17 Early 2023"]
[White "Djokovic, Nebojsa"]
[Black "Batsiashvili, Nino"]
[WhiteFideId "938300"]
[BlackFideId "13602993"]
[WhiteElo "2119"]
[BlackElo "2467"]
[Result "0-1"]
[Round "10"]
[TimeControl "180+2"]
[Date "2023.01.17"]
[WhiteClock "0:00:15"]
[BlackClock "0:00:13"]

1. e4 e5 2. Nf3 Nc6 3. Bb5 Nge7 4. O-O Ng6 5. c3 d5 6. Re1 dxe4 7. Rxe4 Qd5 8. Bxc6+ bxc6 9. Re1 Bg4 10. d4 Bxf3 11. Qxf3 Qxf3 12. gxf3 O-O-O 13. dxe5 Nh4 14. Nd2 Rxd2 15. Bxd2 Nxf3+ 16. Kg2 Nxd2 17. b3 Be7 18. f4 Rd8 19. Rad1 Rd5 20. c4 Rd4 21. Re2 Bb4 22. a3 Bc3 23. Re3 Bb2 24. Re2 Bc3 25. Re3 Nxc4 26. Rxc3 Rxd1 27. Rxc4 Kd7 28. Ra4 Rb1 29. b4 c5 30. bxc5 Rc1 31. Rxa7 Rxc5 32. Kg3 h5 33. Kh4 Rc4 34. Kg5 Kc6 35. f5 Re4 36. Kxh5 Rxe5 37. Kg4 Re2 38. Ra6+ Kb7 39. Ra5 Rxh2 40. Kf4 Rh4+ 41. Kg5 Rc4 42. Rb5+ Ka7 43. Rb3 Ka6 44. Kh5 c5 45. Rg3 Rf4 46. Kg5 Rf1 47. Rh3 c4 48. Re3 Kb5 49. Re7 f6+ 50. Kg6 Rg1+ 51. Kf7 c3 52. Rc7 Rg3 53. Ke6 Ka4 54. Ra7+ Kb3 55. a4 c2 56. Rc7 Rc3 57. Rxc3+ Kxc3 58. a5 c1=Q 59. a6 Qa3 60. a7 Qxa7 61. Kd5 Qe7 62. Kc6 Qe5 63. Kb6 Qxf5 64. Kb7 g5 65. Kb8 g4 66. Kc7 g3 67. Kb7 g2 68. Ka6 g1=Q 69. Kb7 Qfc5 70. Ka8 Qc4 71. Kb8 Qb1+ 72. Ka7 Qca2# 0-1


[Site "https://www.chess.com"]

[Event "Titled Tuesday Blitz January 17 Early 2023"]
[White "Bychkov, Vladimir"]
[Black "Ordekalog"]
[WhiteFideId "24151513"]
[WhiteElo "2225"]
[BlackElo "2578"]
[Result "1-0"]
[Round "10"]
[TimeControl "180+2"]
[Date "2023.01.17"]
[WhiteClock "0:00:17"]
[BlackClock "0:00:04"]

1. d4 d5 2. Bf4 Nd7 3. c3 f6 4. e3 e5 5. Bg3 c6 6. Nd2 Bd6 7. Bd3 Nf8 8. Ne2 e4 9. Bc2 Ng6 10. f3 f5 11. Bxd6 Qxd6 12. O-O Nf6 13. f4 Be6 14. h3 h5 15. b3 h4 16. c4 Kf7 17. Nc3 Nh5 18. Rf2 Rad8 19. cxd5 cxd5 20. a3 Rc8 21. Na4 b6 22. Nf1 Rc7 23. Qd2 Ng3 24. Bd1 Rhc8 25. Qb4 Qxb4 26. axb4 Rc1 27. Rfa2 Bd7 28. Kf2 Nxf1 29. Kxf1 Bb5+ 30. Ke1 Rxa1 31. Rxa1 Rc7 32. Kd2 Ne7 33. Nc3 Bc6 34. Be2 Ke6 35. g3 hxg3 36. Rg1 g6 37. Rxg3 Rc8 38. h4 Rh8 39. h5 gxh5 40. Rh3 h4 41. Ba6 Ng8 42. Bb5 Kd6 43. Bxc6 Kxc6 44. Ke2 Nf6 45. Kd2 a6 46. Ke2 Kd6 47. Kd2 Ng4 48. Ke2 Rc8 49. Kd2 Rh8 50. Ke2 Ke6 51. Kd2 Nf2 52. Rh2 Nd3 53. b5 a5 54. Na4 Nb4 55. Nxb6 Rb8 56. Na4 Rxb5 57. Rxh4 Rb8 58. Rh6+ Kf7 59. Nc5 Rg8 60. Rh7+ Ke8 61. Ra7 Rg2+ 62. Ke1 Rb2 63. Rxa5 Nc2+ 64. Kd2 Na1+ 65. Kc1 Rc2+ 66. Kb1 Re2 67. Rxa1 Re1+ 68. Kb2 Rxe3 69. Kc2 Ke7 70. Kd2 Rf3 71. Ra7+ Kd6 72. Rd7+ Kc6 73. Rf7 Rf2+ 74. Ke3 Rf3+ 75. Ke2 Kb5 76. Rxf5 Kb4 77. Rxd5 Rh3 78. Nxe4 Kxb3 79. Nf2 Rh2 80. Rd8 Kc4 81. d5 Rh4 82. Kf3 Rh5 83. d6 Kc5 84. Ne4+ Kc6 85. Rc8+ Kd7 86. Rc7+ Ke6 87. Re7+ Kd5 88. Re5+ 1-0


[Site "https://www.chess.com"]

[Event "Titled Tuesday Blitz January 17 Early 2023"]
[White "Divya Deshmukh"]
[Black "Papayan, Oleg"]
[WhiteFideId "35006916"]
[BlackFideId "4193911"]
[WhiteElo "2372"]
[BlackElo "2253"]
[Result "1-0"]
[Round "10"]
[TimeControl "180+2"]
[Date "2023.01.17"]
[WhiteClock "0:01:07"]
[BlackClock "0:00:26"]

1. d4 Nf6 2. Bg5 d5 3. e3 Ne4 4. Bf4 c5 5. Bd3 cxd4 6. exd4 Bf5 7. f3 Nd6 8. Bxd6 Bxd3 9. Bxb8 Ba6 10. Bf4 g5 11. Be3 Qb6 12. b3 h5 13. Ne2 g4 14. O-O O-O-O 15. Nbc3 f6 16. Qd2 gxf3 17. Rxf3 Kb8 18. Na4 Qc6 19. Nf4 e5 20. Ng6 Rg8 21. Nxf8 Rdxf8 22. Nc5 e4 23. Rf5 h4 24. Nxa6+ Qxa6 25. Rxd5 h3 26. g3 f5 27. Bf4+ Ka8 28. Rd6 Qa3 29. c4 e3 30. Qe2 Rg4 31. Re6 a6 32. Bd6 Qa5 33. Bxf8 Qc3 34. Rf1 Rxd4 35. Re8+ Ka7 36. Bc5+ b6 37. Bxd4 Qxd4 38. Rxf5 Qa1+ 39. Rf1 Qg7 40. Qxe3 a5 41. Re7+ Ka6 42. Rxg7 a4 43. Rf6 a3 44. Qxb6# 1-0


[Site "https://www.chess.com"]

[Event "Titled Tuesday Blitz January 17 Early 2023"]
[White "Janaszak, Dawid"]
[Black "Lacasa Diaz, Jose Antonio"]
[WhiteFideId "1119206"]
[BlackFideId "2203375"]
[WhiteElo "2316"]
[BlackElo "2359"]
[Result "1-0"]
[Round "10"]
[TimeControl "180+2"]
[Date "2023.01.17"]
[WhiteClock "0:00:34"]
[BlackClock "0:00:16"]

1. e4 c5 2. Nc3 g6 3. Bc4 Bg7 4. h4 h5 5. Qf3 e6 6. d4 a6 7. dxc5 Qc7 8. Be3 Nc6 9. O-O-O Bxc3 10. bxc3 Qa5 11. Kb2 Ne5 12. Qe2 Ne7 13. Bb3 Ng4 14. Bd4 e5 15. Be3 Nxe3 16. Qxe3 Qc7 17. Nf3 a5 18. a4 Rb8 19. Ng5 Rf8 20. Rd6 b5 21. Ra1 bxa4 22. Rxa4 Bb7 23. Nh7 Bc6 24. Qh6 Rg8 25. Nf6+ Kd8 26. Nxg8 Bxa4 27. Qf8# 1-0


[Site "https://www.chess.com"]

[Event "Titled Tuesday Blitz January 17 Early 2023"]
[White "Kabilov, Amin"]
[Black "Belov, Alexei"]
[WhiteFideId "14700859"]
[BlackFideId "4128206"]
[WhiteElo "2207"]
[BlackElo "2421"]
[Result "1/2-1/2"]
[Round "10"]
[TimeControl "180+2"]
[Date "2023.01.17"]
[WhiteClock "0:00:04"]
[BlackClock "0:01:09"]

1. d4 e6 2. c4 d5 3. Nf3 Nf6 4. Nc3 Be7 5. Bg5 Nbd7 6. e3 O-O 7. Qc2 c5 8. cxd5 Nxd5 9. Bxe7 Qxe7 10. Nxd5 exd5 11. Bd3 g6 12. dxc5 Nxc5 13. O-O Bg4 14. Nd4 Rac8 15. Qd2 Bd7 16. Rfc1 a6 17. Qb4 Rc7 18. Rc3 Rfc8 19. Bf1 Qd8 20. Rac1 Ne6 21. Nxe6 Bxe6 22. Qd4 Rxc3 23. Rxc3 Rxc3 24. Qxc3 Qb6 25. Qd4 Qa5 26. a3 Qe1 27. h4 b5 28. h5 gxh5 29. Qf6 Qb1 30. Qd8+ Kg7 31. f3 Qxb2 32. Qg5+ Kf8 33. Qd8+ Kg7 34. Qg5+ Kh8 35. Qd8+ Kg7 1/2-1/2


[Site "https://www.chess.com"]

[Event "Titled Tuesday Blitz January 17 Early 2023"]
[White "Kamalidenova, Meruert"]
[Black "Sargissyan, Sargis"]
[WhiteFideId "13712802"]
[BlackFideId "13303210"]
[WhiteElo "2350"]
[BlackElo "2234"]
[Result "0-1"]
[Round "10"]
[TimeControl "180+2"]
[Date "2023.01.17"]
[WhiteClock "0:00:13"]
[BlackClock "0:00:08"]

1. d4 Nf6 2. c4 g6 3. Nc3 d5 4. Nf3 Bg7 5. Bf4 O-O 6. e3 c5 7. Rc1 cxd4 8. exd4 Nc6 9. Be2 dxc4 10. Bxc4 Bg4 11. O-O Bxf3 12. Qxf3 Qxd4 13. Nb5 Qxb2 14. Rb1 Qc2 15. Bd3 Qxa2 16. Nc7 Rac8 17. Rxb7 Nd4 18. Qe3 Nd5 19. Nxd5 Qxd5 20. Rxe7 Ne6 21. Be4 Qc5 22. Rb7 Nxf4 23. Qxf4 a5 24. Bb1 Be5 25. Qf3 Rc7 26. Ba2 Rxb7 27. Qxb7 Qc7 28. Qxc7 Bxc7 29. Rc1 Bd6 30. Rd1 Re8 31. g3 Bc5 32. Rd5 Bb4 33. Rd7 Re7 34. Rxe7 Bxe7 35. Kf1 Kg7 36. f3 Kf6 37. h3 Bd6 38. f4 h5 39. Ke2 h4 40. gxh4 Bxf4 41. Kf3 Bc1 42. Kg4 Kg7 43. Bb1 f5+ 44. Kf3 Kf6 45. Kg3 Bd2 46. Kf2 Bb4 47. Bc2 Bd6 48. Bb1 Bc5+ 49. Kf3 Bb4 50. Kf2 Be7 51. Bc2 Bd6 52. Kf3 Be5 53. Kf2 Bc3 54. Bb1 a4 55. Bc2 a3 56. Bb1 Bb4 57. Ke2 Bd6 58. Kf3 Bb4 59. Ke2 Ke5 60. Kf3 Be1 61. h5 gxh5 62. Ke2 Bb4 63. Kf3 Bc5 64. Ke2 Bd6 65. Kf3 h4 66. Ba2 Kd4 67. Bb1 Bg3 68. Ba2 Kc3 69. Be6 Kb2 70. Ke3 a2 71. Bxa2 Kxa2 72. Kd4 Kb3 73. Ke3 Kc3 74. Kf3 Kd3 75. Kg2 Ke2 76. Kh1 f4 77. Kg2 f3+ 78. Kh1 Bf4 79. Kg1 f2+ 80. Kg2 f1=Q# 0-1


[Site "https://www.chess.com"]

[Event "Titled Tuesday Blitz January 17 Early 2023"]
[White "Renjith, Sravan"]
[Black "Rios Escobar, Adan"]
[WhiteFideId "4306783"]
[BlackFideId "3403645"]
[WhiteElo "2172"]
[BlackElo "2234"]
[Result "1-0"]
[Round "10"]
[TimeControl "180+2"]
[Date "2023.01.17"]
[WhiteClock "0:00:54"]
[BlackClock "0:00:11"]

1. d4 Nf6 2. c4 g6 3. Nf3 Bg7 4. g3 c5 5. Bg2 cxd4 6. Nxd4 O-O 7. O-O Nc6 8. Nc3 Qa5 9. e3 d6 10. Bd2 Qc5 11. Rc1 Nxd4 12. exd4 Qxd4 13. Re1 Be6 14. b3 Ng4 15. Qe2 Ne5 16. Be3 Qd3 17. Bxb7 Bg4 18. Qxd3 Nxd3 19. Bxa8 Rxa8 20. Nd5 e6 21. Nc7 Rc8 22. Nb5 Nxc1 23. Rxc1 Rc6 24. Nxa7 d5 25. Nxc6 dxc4 1-0


[Site "https://www.chess.com"]

[Event "Titled Tuesday Blitz January 17 Early 2023"]
[White "Rosenberg, Evan S"]
[Black "Yuan, Qingyu"]
[WhiteFideId "2019299"]
[BlackFideId "8609772"]
[WhiteElo "1956"]
[BlackElo "2373"]
[Result "1/2-1/2"]
[Round "10"]
[TimeControl "180+2"]
[Date "2023.01.17"]
[WhiteClock "0:00:31"]
[BlackClock "0:01:10"]

1. d4 d5 2. Nf3 Nf6 3. c3 e6 4. Bf4 Bd6 5. e3 O-O 6. Nbd2 c5 7. Bg3 Qc7 8. Bd3 Nbd7 9. Qe2 e5 10. dxe5 Nxe5 11. Nxe5 Bxe5 12. Nf3 Bxg3 13. hxg3 h6 14. O-O-O Bg4 15. Bc2 b5 16. Rh4 b4 17. Rdh1 bxc3 18. bxc3 Qa5 19. Rxg4 Nxg4 20. Ng5 Nf6 21. Qd3 hxg5 22. Qh7+ Nxh7 23. Bxh7+ Kh8 24. Bg6+ Kg8 25. Bh7+ Kh8 26. Bg6+ Kg8 27. Bh7+ 1/2-1/2


[Site "https://www.chess.com"]

[Event "Titled Tuesday Blitz January 17 Early 2023"]
[White "Makhnev, Denis"]
[Black "Kozin, Yuri"]
[WhiteFideId "13707647"]
[BlackFideId "4129920"]
[WhiteElo "2483"]
[BlackElo "2251"]
[Result "1-0"]
[Round "10"]
[TimeControl "180+2"]
[Date "2023.01.17"]
[WhiteClock "0:00:23"]
[BlackClock "0:00:01"]

1. Nf3 d5 2. c4 c6 3. cxd5 cxd5 4. d4 Nc6 5. Nc3 Nf6 6. Bf4 Bg4 7. Ne5 Qb6 8. Nxg4 Nxg4 9. Nxd5 Qa5+ 10. Nc3 e5 11. dxe5 Qb6 12. Ne4 Bb4+ 13. Bd2 O-O 14. e3 Ncxe5 15. Be2 Rad8 16. Bxg4 Nxg4 17. Qxg4 Bxd2+ 18. Nxd2 Qxb2 19. Rd1 Rd6 20. Nb1 Rxd1+ 21. Qxd1 Qb4+ 22. Nd2 Rd8 23. Qc2 a5 24. Ke2 Qb5+ 25. Nc4 Rc8 26. Rc1 Qh5+ 27. f3 Qxh2 28. Kf2 b5 29. Qf5 Qh4+ 30. Kg1 Rxc4 31. Qc8+ 1-0


[Site "https://www.chess.com"]

[Event "Titled Tuesday Blitz January 17 Early 2023"]
[White "Balabayeva, Xeniya"]
[Black "Gurvich, Vitaly"]
[WhiteFideId "13719688"]
[BlackFideId "24164852"]
[WhiteElo "2191"]
[BlackElo "2278"]
[Result "0-1"]
[Round "10"]
[TimeControl "180+2"]
[Date "2023.01.17"]
[WhiteClock "0:00:07"]
[BlackClock "0:01:39"]

1. d4 Nf6 2. c4 e6 3. Nc3 Bb4 4. Bd2 O-O 5. Nf3 d6 6. a3 Bxc3 7. Bxc3 Ne4 8. Rc1 Nxc3 9. Rxc3 Qe7 10. e4 e5 11. dxe5 dxe5 12. Bd3 Bg4 13. h3 Bxf3 14. Qxf3 Nc6 15. O-O Nd4 16. Qe3 Rad8 17. Bb1 a5 18. Kh2 c6 19. f4 exf4 20. Rxf4 Qe5 21. g3 g6 22. Rc1 c5 23. Rcf1 b6 24. Qf2 Ne6 25. Rxf7 Rxf7 26. Qxf7+ Kh8 27. Qf2 Rf8 28. Qg2 Rxf1 29. Qxf1 Qxb2+ 30. Kg1 Kg7 31. Bd3 Qd4+ 32. Kg2 Qe3 33. Bb1 Nd4 34. Qf4 Qe2+ 35. Kh1 Qe1+ 36. Kg2 Qxb1 37. Qe5+ Kf7 38. Qd5+ Ke7 39. Qb7+ Kf6 40. e5+ Kxe5 41. Qd5+ Kf6 42. Qd8+ Ke6 43. Qe8+ Kf5 44. Qf7+ Ke4 45. Qf4+ Kd3 0-1


[Site "https://www.chess.com"]

[Event "Titled Tuesday Blitz January 17 Early 2023"]
[White "Domingo Nunez, Ruben"]
[Black "Parpiev, Isaak"]
[WhiteFideId "22245570"]
[BlackFideId "34281576"]
[WhiteElo "2416"]
[BlackElo "2167"]
[Result "0-1"]
[Round "10"]
[TimeControl "180+2"]
[Date "2023.01.17"]
[WhiteClock "0:00:05"]
[BlackClock "0:00:09"]

1. c4 Nf6 2. b3 g6 3. Bb2 Bg7 4. Nf3 O-O 5. g3 d6 6. Bg2 e5 7. O-O Nbd7 8. d4 Re8 9. dxe5 dxe5 10. Nc3 c6 11. Ng5 Qc7 12. Qc2 h6 13. Nge4 Nxe4 14. Nxe4 f5 15. Nc3 Nf6 16. Rad1 Be6 17. Ba3 Rad8 18. Na4 Bf7 19. Bb2 e4 20. e3 b6 21. Bd4 c5 22. Bc3 Rxd1 23. Rxd1 Rd8 24. Bf1 Rxd1 25. Qxd1 Qd7 26. Qa1 Ne8 27. Bxg7 Nxg7 28. Qe5 Ne6 29. Nc3 Ng5 30. Be2 Qd2 31. Kg2 Qe1 32. Qf6 Nf3 33. Bxf3 exf3+ 34. Kxf3 Qh1+ 35. Ke2 Qxh2 36. Qd8+ Kg7 37. Qc7 Qh5+ 38. Ke1 Qh1+ 39. Ke2 Qh5+ 40. Kd2 Qf3 41. Qe5+ Kg8 42. Ke1 Qh1+ 43. Ke2 Qh5+ 44. Kd3 Qf3 45. Qb8+ Kg7 46. Qxa7 Qxf2 47. Qxb6 Qf1+ 48. Kd2 Qg2+ 49. Ne2 Qa8 50. a4 Qc8 51. a5 Qd7+ 52. Kc2 g5 53. Qxc5 f4 54. exf4 Bg6+ 55. Kc1 Qe6 56. Qe5+ Qxe5 57. fxe5 Be4 58. Nc3 Ba8 59. b4 h5 60. Kd2 h4 61. gxh4 gxh4 62. Nd5 h3 63. e6 h2 64. e7 Kf7 65. Nc7 Kxe7 66. Nxa8 h1=Q 67. Nb6 Qg2+ 68. Kc3 Qf3+ 69. Kd4 Qf4+ 70. Kc5 Qd6+ 71. Kb5 Qe5+ 72. c5 Kd8 73. a6 Qe2+ 74. Ka5 Qa2+ 75. Kb5 Qe2+ 76. Ka5 Qa2+ 77. Na4 Kc7 78. b5 Qd2+ 79. Nc3 Qxc3+ 80. Ka4 Qxc5 0-1


[Site "https://www.chess.com"]

[Event "Titled Tuesday Blitz January 17 Early 2023"]
[White "Averjanov, Alexey"]
[Black "Padmini, Rout"]
[WhiteFideId "14109867"]
[BlackFideId "5029295"]
[WhiteElo "2399"]
[BlackElo "2375"]
[Result "1-0"]
[Round "10"]
[TimeControl "180+2"]
[Date "2023.01.17"]
[WhiteClock "0:01:53"]
[BlackClock "0:00:31"]

1. d4 Nf6 2. c4 e6 3. Nf3 d5 4. e3 Be7 5. Nbd2 O-O 6. Bd3 dxc4 7. Nxc4 c5 8. O-O Nc6 9. dxc5 Bxc5 10. a3 b6 11. b4 Be7 12. Bb2 Bb7 13. Rc1 Rc8 14. Qe2 Qd5 15. Rfd1 Qh5 16. h3 h6 17. Bxf6 Bxf6 18. Nd6 Ne5 19. Nxb7 Rxc1 20. Rxc1 Nxf3+ 21. Qxf3 Qxf3 22. gxf3 Bb2 23. Rc7 Bxa3 24. b5 g6 25. Be4 Kg7 26. Kg2 Kf6 27. Bc6 h5 28. f4 g5 29. fxg5+ Kxg5 30. Rd7 Kf6 31. Kf3 Rg8 32. Nd6 Bxd6 33. Rxd6 Rg5 34. Rd7 Rf5+ 35. Ke2 a5 36. bxa6 Ra5 37. a7 b5 38. a8=Q Rxa8 39. Bxa8 b4 40. Rb7 b3 41. Rxb3 Kg5 42. Bg2 Kh4 43. Rb4+ Kg5 44. h4+ Kg6 45. Bf3 e5 46. e4 f6 47. Kd3 Kg7 48. Bxh5 Kh6 49. Bg4 Kg6 50. h5+ Kh6 51. Rb6 Kg5 52. h6 Kxh6 53. Rxf6+ Kg5 54. Rf5+ Kxg4 55. Rxe5 Kf3 56. Rf5+ Kg4 57. f3+ Kh4 58. e5 Kg3 59. e6 Kf2 60. e7 Kg3 61. e8=Q Kf2 62. Qe2+ Kg1 63. Rg5+ Kh1 64. Qg2# 1-0


[Site "https://www.chess.com"]

[Event "Titled Tuesday Blitz January 17 Early 2023"]
[White "Vovk, Orest"]
[Black "Weetik, Vjacheslav"]
[WhiteFideId "14113490"]
[BlackFideId "4153472"]
[WhiteElo "2315"]
[BlackElo "2423"]
[Result "0-1"]
[Round "10"]
[TimeControl "180+2"]
[Date "2023.01.17"]
[WhiteClock "0:00:02"]
[BlackClock "0:00:20"]

1. h4 a5 2. h5 a4 3. a3 h6 4. Nc3 d5 5. e4 dxe4 6. Nxe4 Bf5 7. Qf3 e6 8. Ng3 Bxc2 9. Qxb7 Nd7 10. Bb5 Nf6 11. Nf3 Bd6 12. Qc6 Bb3 13. d4 O-O 14. Ne4 Bd5 15. Nxf6+ Nxf6 16. Qc3 Ne4 17. Qe3 c5 18. Bd3 f5 19. O-O cxd4 20. Qxd4 Bc5 21. Qe5 Qb6 22. Bxe4 fxe4 23. Nh2 Bxf2+ 24. Kh1 Rf5 25. Qc3 e3 26. b4 Rxh5 27. Bb2 Rg5 28. Qc5 Bxg2# 0-1


[Site "https://www.chess.com"]

[Event "Titled Tuesday Blitz January 17 Early 2023"]
[White "Mayank Chakraborty"]
[Black "Belozerov, Andrei"]
[WhiteFideId "25659766"]
[BlackFideId "4120213"]
[WhiteElo "2025"]
[BlackElo "2461"]
[Result "1-0"]
[Round "10"]
[TimeControl "180+2"]
[Date "2023.01.17"]
[WhiteClock "0:00:48"]
[BlackClock "0:00:12"]

1. e4 c5 2. Nf3 Nc6 3. d4 cxd4 4. Nxd4 Nf6 5. Nc3 e5 6. Ndb5 d6 7. Nd5 Nxd5 8. exd5 Nb8 9. Qf3 a6 10. Qa3 Be7 11. Bg5 f6 12. Bd2 O-O 13. Bb4 Bd7 14. Bxd6 Bxd6 15. Nxd6 b5 16. c4 bxc4 17. Bxc4 Qb6 18. O-O a5 19. Ne4 Na6 20. Bxa6 Qxa6 21. Rac1 Bf5 22. Rc6 Qb5 23. Nd6 Qd3 24. Rc3 Qxd5 25. Nxf5 Kh8 26. Ne3 Qb5 27. Rc5 Qe2 28. Rc2 Qb5 29. Rfc1 Rfd8 30. h3 a4 31. Qe7 Re8 32. Qf7 Rf8 33. Qd5 Qb6 34. Qc5 Qa6 35. Qa3 Qb5 36. Rc7 Rfd8 37. Qe7 Rg8 38. Nf5 Rae8 39. Qa3 Qb6 40. Nd6 Ref8 41. Nf7+ Rxf7 42. Rxf7 e4 43. Re7 1-0


[Site "https://www.chess.com"]

[Event "Titled Tuesday Blitz January 17 Early 2023"]
[White "Reprintsev, Alexander"]
[Black "Maksimenko, Viktor"]
[WhiteFideId "14100541"]
[BlackFideId "13710478"]
[WhiteElo "2253"]
[BlackElo "2196"]
[Result "1-0"]
[Round "10"]
[TimeControl "180+2"]
[Date "2023.01.17"]
[WhiteClock "0:00:29"]
[BlackClock "0:00:44"]

1. e4 e5 2. Nf3 Nc6 3. Bc4 Nf6 4. Ng5 d5 5. exd5 Na5 6. Bb5+ c6 7. dxc6 bxc6 8. Bd3 Nd5 9. h4 h6 10. Qh5 Qf6 11. Nh7 Rxh7 12. Bxh7 g6 13. Qe2 Nf4 14. Qf3 Bb7 15. Nc3 c5 16. Ne4 Qg7 17. g3 f5 18. gxf4 Bxe4 19. Qc3 Qxh7 20. f3 Nc6 21. fxe4 exf4 22. d3 fxe4 23. Bxf4 O-O-O 24. O-O-O Qf7 25. Rhf1 Nb4 26. Qc4 Nxa2+ 27. Kb1 Qxc4 28. dxc4 Nb4 29. Rxd8+ Kxd8 30. Rg1 Be7 31. Rxg6 Bxh4 32. Rxh6 Bf2 33. Re6 1-0


[Site "https://www.chess.com"]